 Dungeon Crawl Stone Soup version 0.22.1-2-g9c5b331383 (webtiles) character file.

128 Marnok the Skirmisher (level 5, -4/55 HPs)
             Began as an Ogre Fighter on Nov 23, 2018.
             Slain by Sigmund
             ... wielding a +0 scythe
              (11 damage)
             ... on level 3 of the Dungeon.
             The game lasted 00:13:15 (2758 turns).

Marnok the Skirmisher (Ogre Fighter)                Turns: 2758, Time: 00:13:16

Health: -4/55      AC:  3    Str: 18 (21) XL:     5   Next: 11%
Magic:  5/5        EV:  8    Int:  7 (9)  God:
Gold:   97         SH:  0    Dex:  6 (8)  Spells: 4/4 levels left

rFire    . . .     SeeInvis .   a - +1 war axe
rCold    . . .     Gourm    .   c - +0 shield
rNeg     . . .     Faith    .   b - +0 robe
rPois    .         Spirit   .   (helmet restricted)
rElec    .         Reflect  .   (no cloak)
rCorr    .         Harm     .   (gloves unavailable)
MR       .....                  (boots unavailable)
Stlth    +.........             (no amulet)
HPRegen  0.18/turn              (no ring)
MPRegen  0.09/turn              (no ring)

@: confused
A: large, unfitting armour, tough skin 1
a: no special abilities


You were on level 3 of the Dungeon.
You were not hungry.

You visited 1 branch of the dungeon, and saw 4 of its levels.

You collected 97 gold pieces.

Inventory:

Hand Weapons
 a - a +1 war axe (weapon)
 n - a +0 dagger of venom
Missiles
 e - 3 needles of sleeping
 g - 19 sling bullets
Armour
 b - a +0 robe (worn)
 c - a +0 shield (worn)
 l - a +0 scale mail
Wands
 j - a wand of paralysis (4)
Scrolls
 h - a scroll of teleportation {unknown}
 i - a scroll of remove curse
Potions
 d - a potion of brilliance
Comestibles
 f - 8 rations
 k - a chunk of flesh


   Skills:
 + Level 4.6 Fighting
 + Level 3.2 Axes
 + Level 3.4 Dodging
 + Level 0.2 Stealth
 + Level 3.5 Shields


You had 4 spell levels left.
You didn't know any spells.
Your spell library was empty.

Dungeon Overview and Level Annotations

Branches:
Dungeon (4/15)
 Temple: D:4-7

Altars:

Annotations:
D:3 Sigmund


Innate Abilities, Weirdness & Mutations

You are too large for most types of armour.
You have tough skin. (AC +1)


Message History

Something hits you.
You miss something. Something hits you.
You closely miss something. You miss something. Something hits you!
You barely miss something. Something hits you!
You closely miss something. Something hits you!
* * * LOW HITPOINT WARNING * * *
You feel better. Something hits you.
* * * LOW HITPOINT WARNING * * *
You closely miss something. Something hits you.
* * * LOW HITPOINT WARNING * * *
You block something's attack.
Things that are here:
a mace; a leather armour; an orc corpse You are confused.
A magic dart appears from out of thin air!
The magic dart hits you!
* * * LOW HITPOINT WARNING * * *
Something hits you!
You die...

####.#># #.
###....# #.#.#
. #......#.##
..#.# ..
########.#
####.####.###
... #.##.....
.###.
#.##.#.### # ..
. ##.##.....#.#
#(
#...#.....#.#
#.
#...@.......###
#...#..........
#####.......##
###...###
...##. #...#
#..... ##.###
### .#.....##
#...# #..
.......# #...#
#.### .(....#
#.(.#


There were no monsters in sight!

Vanquished Creatures
  Ijyb (D:3)
  2 adders
  An ooze (D:3)
  2 worms (D:2)
  2 dart slugs (D:1)
  A leopard gecko (D:3)
  An orc (D:3)
  3 giant cockroaches
  6 goblins
  10 hobgoblins
  11 jackals
  7 kobolds
  2 ball pythons (D:2)
  8 bats
  3 frilled lizards
  3 rats
63 creatures vanquished.

Notes
Turn   | Place    | Note
-------+----------+-------------------------------------------
     0 | D:1      | Marnok the Ogre Fighter began the quest for the Orb.
     0 | D:1      | Reached XP level 1. HP: 24/24 MP: 1/1
    50 | D:2      | Reached XP level 2. HP: 12/32 MP: 2/2
   727 | D:1      | Reached XP level 3. HP: 39/40 MP: 3/3
  1660 | D:1      | Reached XP level 4. HP: 34/49 MP: 4/4
  1927 | D:3      | Noticed Sigmund
  1934 | D:3      | HP: 2/49 [Sigmund/puff of flame (4)]
  2643 | D:3      | Noticed Ijyb
  2644 | D:3      | Paralysed by Ijyb for 6 turns
  2663 | D:3      | Paralysed by Ijyb for 2 turns
  2670 | D:3      | Paralysed by Ijyb for 5 turns
  2680 | D:3      | Killed Ijyb
  2680 | D:3      | Reached XP level 5. HP: 39/55 MP: 5/5
  2758 | D:3      | Slain by Sigmund

Skill      XL: |  1  2  3  4 |
---------------+-------------+-----
Shields        | 3 |  3.5
Dodging        | 3 |  3.4
Axes           | 3 |  3.2
Fighting       | |  4.6
Stealth        | |  0.2

Action                   |  1- 3 |  4- 6 || total
-------------------------+-------+-------++-------
Melee: War axe           |   245 |   107 ||   352
  Use: Potion            |     2 |     3 ||     5
       Scroll            |       |     4 ||     4
 Stab: Sleeping          |     2 |     1 ||     3
  Eat: Chunk             |     2 |       ||     2
       Ration            |     1 |     1 ||     2
Armor: Robe              |    98 |    27 ||   125
Dodge: Dodged            |   112 |    29 ||   141
Block: Shield            |   177 |    40 ||   217
